 Dungeon Crawl Stone Soup version 0.19.4-9-g45fd643 (webtiles) character file.

454 Maelstr0m the Shield-Bearer (level 7, -6/55 HPs)
             Began as a Formicid Fighter on Feb 22, 2017.
             Killed by divine providence
             ... invoked by an orc priest
              (11 damage)
             ... on level 4 of the Dungeon.
             The game lasted 00:14:49 (3778 turns).

Maelstr0m the Shield-Bearer (Formicid Fighter)      Turns: 3778, Time: 00:14:49

Health: -6/55      AC: 12    Str: 29    XL:     7   Next: 26%
Magic:  7/7        EV:  7    Int:  7    God:
Gold:   341        SH: 11    Dex: 13    Spells: 0 memorised, 6 levels left

rFire  . . .     SeeInvis +     a - +0 war axe
rCold  . . .     Gourm    .     l - +1 chain mail
rNeg   . . .     Faith    .     c - +0 shield
rPois  .         Spirit   .     (helmet unavailable)
rElec  .         Reflect  .     (no cloak)
rCorr  .         Harm     .     (no gloves)
MR     .....                    (no boots)
Stlth  ..........               (no amulet)
                                (no ring)
                                (no ring)

@: mighty
A: permanent stasis, dig shafts and tunnels, four strong arms, antennae 3, icy
blue scales 1, agile 1, strong 1
a: Dig, Shaft Self


You were on level 4 of the Dungeon.
You were hungry.

You visited 1 branch of the dungeon, and saw 4 of its levels.

You collected 341 gold pieces.

Inventory:

Hand Weapons
 a - a +0 war axe (weapon)
 y - a +0 morningstar
Missiles
 o - 8 sling bullets
 r - 75 stones (quivered)
Armour
 b - a +0 scale mail
 c - a +0 shield (worn)
 l - a +1 chain mail (worn)
Jewellery
 s - a -3 ring of slaying
Scrolls
 e - a scroll of remove curse
 g - 3 scrolls of identify
 n - a scroll of magic mapping {unknown}
 p - a scroll of enchant armour
 x - a scroll of noise {unknown}
Potions
 h - a potion of agility
 j - a potion of magic {unknown}
 k - a potion of lignification
 m - a potion of curing {unknown}
 q - 2 potions of invisibility
Books
 t - a book of Callings

   Spells                             Type                      Level
   a - Summon Small Mammal            Summoning                    1
   b - Call Imp                       Summoning                    2
   c - Call Canine Familiar           Summoning                    3
   d - Summon Guardian Golem          Hexes/Summoning              3
   e - Summon Lightning Spire         Summoning/Air                4
   f - Summon Ice Beast               Ice/Summoning                4
Comestibles
 f - 4 bread rations
 i - 2 beef jerkies
 u - 2 fruits
 v - a slice of pizza
 z - a meat ration


   Skills:
 + Level 4.7 Fighting
 * Level 4.8 Axes
 + Level 4.9 Armour
 + Level 5.1 Shields


You had 6 spell levels left.
You didn't know any spells.

Dungeon Overview and Level Annotations

Branches:
Dungeon (4/15)
 Temple: D:4-7

Altars:
Kikubaaqudgha
Makhleb
Okawaru
Ru
Sif Muna
Trog
Yredelemnul


Innate Abilities, Weirdness & Mutations

You are under a permanent stasis effect.
You can dig through walls and to a lower floor.
Your four strong arms can wield two-handed weapons with a shield.
You have a pair of large antennae on your head. (SInv)
You are partially covered in icy blue scales. (AC +2)
You are agile. (Dex +2)
Your muscles are strong. (Str +2)


Message History

Beogh smites you!
* * * LOW HITPOINT WARNING * * *
You block the orc's attack.
You closely miss the orc.
The orc is moderately wounded.
The orc closely misses you.
You closely miss the orc.
The orc is moderately wounded.
You block the orc's attack.
You closely miss the orc.
The orc is moderately wounded.
You block the orc's attack.
You closely miss the orc.
The orc is moderately wounded.
You block the orc's attack.
You slash the orc!
You kill the orc!
The orc priest invokes the aid of Beogh against you.
Beogh smites you!
You die...

###._.. #..._
###.. ### ###
.l#
##############
#.#
#.............
#o#
#.#######.####
#o# #.# #.#
#@###.# #.# ##
#.....# #.# #.
####### #.# #.
#.# #. #.###.
#..... ######


You could see 2 orc priests and a leopard gecko.

Vanquished Creatures
  A sky beast (D:4)
  The ghost of empire the Grasshopper, an amateur DsWr (D:3)
  A hound (D:4)
  A centaur skeleton (D:4)
  An orc priest (D:4)
  An orc wizard (D:4)
  2 worker ants (D:4)
  3 adders
  An adder skeleton (D:4)
  2 worms
  3 dart slugs
  A leopard gecko (D:2)
  5 orcs (D:4)
  6 giant cockroaches
  13 goblins
  5 hobgoblins
  3 jackals (D:4)
  4 kobolds
  4 quokkas
  8 bats
  2 frilled lizards (D:2)
  4 rats
72 creatures vanquished.

Notes
Turn   | Place    | Note
-------+----------+-------------------------------------------
     0 | D:1      | Maelstr0m the Formicid Fighter began the quest for the Orb.
     0 | D:1      | Reached XP level 1. HP: 18/18 MP: 1/1
   282 | D:1      | Reached XP level 2. HP: 24/24 MP: 2/2
   865 | D:2      | Reached XP level 3. HP: 29/29 MP: 3/3
  1209 | D:2      | Reached skill level 4 in Shields
  1442 | D:2      | Reached XP level 4. HP: 37/37 MP: 4/4
  1495 | D:2      | Found a basalt altar of Yredelemnul.
  1878 | D:3      | Noticed empire's ghost (amateur DsWr)
  1928 | D:3      | Killed empire's ghost
  1928 | D:3      | Reached XP level 5. HP: 24/42 MP: 5/5
  2637 | D:4      | Reached XP level 6. HP: 44/48 MP: 6/6
  3363 | D:4      | Found an iron altar of Okawaru.
  3363 | D:4      | Found a sacrificial altar of Ru.
  3363 | D:4      | Found a deep blue altar of Sif Muna.
  3363 | D:4      | Found a bloodstained altar of Trog.
  3365 | D:4      | Found an ancient bone altar of Kikubaaqudgha.
  3371 | D:4      | Found a burning altar of Makhleb.
  3416 | D:4      | Reached skill level 5 in Shields
  3425 | D:4      | Noticed a sky beast
  3456 | D:4      | Killed a sky beast
  3456 | D:4      | Reached XP level 7. HP: 4/55 MP: 7/7
  3772 | D:4      | Gained mutation: Your muscles are strong. (Str +2) [potion of mutation]
  3772 | D:4      | Gained mutation: You are agile. (Dex +2) [potion of mutation]
  3772 | D:4      | Gained mutation: You are partially covered in icy blue scales. (AC +2) [potion of mutation]
  3778 | D:4      | Killed from afar by an orc priest

Skill      XL: |  1  2  3  4  5  6 |
---------------+-------------------+-----
Shields        | 4 5 |  5.1
Axes           | 3 4 |  4.8
Fighting       | 4 |  4.7
Armour         | 4 |  4.9

Action                   |  1- 3 |  4- 6 |  7- 9 || total
-------------------------+-------+-------+-------++-------
Melee: War axe           |   117 |   192 |     9 ||   318
  Use: Scroll            |       |     9 |       ||     9
       Potion            |       |     2 |     2 ||     4
  Eat: Chunk             |     1 |     8 |       ||     9
Armor: Scale mail        |    10 |       |       ||    10
       Chain mail        |    35 |    93 |     2 ||   130
Dodge: Dodged            |    39 |    41 |     4 ||    84
Block: Shield            |    57 |    90 |     6 ||   153
